 Dungeon Crawl Stone Soup version 0.31-a0-216-g22e908daa7 (webtiles) character file.

Game seed: 920105325147318626

476 qw the Shooter (level 6, -1/52 HPs)
             Began as a Minotaur Hexslinger on July 2, 2023.
             Succumbed to a water moccasin's poison
             ... on level 5 of the Dungeon.
             The game lasted 00:01:42 (3992 turns).

qw the Shooter (Minotaur Hexslinger)                Turns: 3992, Time: 00:01:42

Health: -1/52      AC:  9    Str: 12    XL:     6   Next: 85%
Magic:  6/6        EV: 11    Int: 10    God:
Gold:   28         SH:  0    Dex: 15    Spells: 6/7 levels left

rFire   . . .        Y - +4 sling
rCold   + . .        (no shield)
rNeg    . . .        j - +0 ring mail
rPois   .            (helmet restricted)
rElec   .            (no cloak)
rCorr   .            (no gloves)
SInv    .            (no boots)
Will    .....        (no amulet)
Stlth   +            g - +4 ring of protection
HPRegen 0.28/turn    b - ring of protection from cold
MPRegen 0.10/turn

%: no passive effects
@: lethally poisoned (-1 -> -27), about to teleport
A: horns 2, retaliatory headbutt
a: no special abilities


You were on level 5 of the Dungeon.
You visited 1 branch of the dungeon, and saw 5 of its levels.

You collected 273 gold pieces.
You spent 245 gold pieces at shops.


Innate Abilities, Weirdness & Mutations

You have a pair of horns on your head.
You reflexively headbutt those who attack you in melee.


   Skills:
 - Level 4.0 Fighting
 + Level 7.2 Ranged Weapons
 - Level 1.0 Armour
 - Level 2.1 Dodging
 - Level 1.0 Spellcasting
 - Level 2.0 Hexes


You had 6 spell levels left.
You knew the following spells:

 Your Spells              Type           Power      Damage    Failure   Level
a - Slow                  Hex            16%        N/A       34%         1

Your spell library contained the following spells:

 Spells                   Type           Power      Damage    Failure   Level
 Inner Flame              Hex/Fire       2%         N/A       83%         3
 Portal Projectile        Hex/Tloc       4%         N/A       83%         3
 Cause Fear               Hex            2%         N/A       98%         4

Inventory:

Hand Weapons
 Y - a +4 sling (weapon)
Armour
 j - a +0 ring mail (worn)
Jewellery
 b - a ring of protection from cold (right hand)
 g - a +4 ring of protection (left hand)
 m - an amulet of the acrobat
 n - an amulet of faith
Wands
 c - a wand of digging (4)
Scrolls
 a - 2 scrolls of teleportation
 k - 3 scrolls of identify
Potions
 e - a potion of brilliance {unknown}
 f - a potion of magic {unknown}
 i - a potion of might
 l - a potion of curing {unknown}
 s - a potion of enlightenment {unknown}

Dungeon Overview and Level Annotations

Branches:
Dungeon (5/15)
 Temple: D:4-7

Altars:
Kikubaaqudgha
Uskayaw
The Shining One

Shops:
D:4 ?


Message History

The water moccasin bites you.
You shoot a sling bullet.
The sling bullet hits the water moccasin.
The water moccasin is moderately wounded.
The water moccasin bites you.
You are poisoned.
The water moccasin poisons you! The water moccasin barely misses you.
You furiously retaliate!
You headbutt the water moccasin. You shoot a sling bullet.
The sling bullet hits the water moccasin.
The water moccasin is heavily wounded.
You feel very sick. The water moccasin bites you.
You shoot a sling bullet.
The sling bullet hits the water moccasin.
The water moccasin is heavily wounded.
You feel very sick. The water moccasin misses you.
The water moccasin bites you.
You are more poisoned.
The water moccasin poisons you!
You shoot a sling bullet.
The sling bullet closely misses the water moccasin.
You feel very sick. The water moccasin closely misses you.
The water moccasin misses you. You furiously retaliate!
You headbutt the water moccasin! You shoot a sling bullet.
The sling bullet hits the water moccasin.
The water moccasin is almost dead.
You feel very sick.
The water moccasin bites you but does no damage.
You shoot a sling bullet.
The sling bullet closely misses the water moccasin.
You feel very sick. The water moccasin bites you. x2
You are more poisoned.
The water moccasin poisons you!
3992 ||| READING 3 scrolls of teleportation.
As you read the scroll of teleportation, it crumbles to dust.
You feel strangely unstable.
You die...

#.............#
#.............#
##..........###
##...#######
#######..####
#...........#
#.##.#...#..######
..###.##.#...........###
......S@.#.........#....
#.###.##.#..##..##.#####
# .........##.#
.........###.##
..#.#..#####...#
#..#.#..# #...#
........# #...# ... ...
.# #...# ## #####...###.


You could see a water moccasin.

Vanquished Creatures
  A scorpion (D:4)
  A hound (D:4)
  An orc priest (D:4)
  A jelly (D:4)
  An orc wizard (D:3)
  2 iguanas (D:5)
  Terence (D:2)
  4 gnolls (D:4)
  7 adders
  A shadow imp (D:4)
  A dart slug (D:1)
  14 orcs
  4 ball pythons
  6 bats
  16 endoplasms
  3 giant cockroaches
  9 goblins
  9 hobgoblins
  3 jackals (D:4)
  10 kobolds
  2 quokkas
  A frilled lizard (D:3)
  8 rats
106 creatures vanquished.

Notes
Turn   | Place    | Note
-------+----------+-------------------------------------------
     0 | D:1      | qw the Minotaur Hexslinger began the quest for the Orb.
     0 | D:1      | Reached XP level 1. HP: 16/16 MP: 1/1
     0 | D:1      | 0 ||| qw: Version: 0.3-a-35-g05ef00e
     0 | D:1      | 0 ||| qw: Game counter: 7805
     0 | D:1      | 0 ||| qw: Melee chars always use a shield: true
     0 | D:1      | 0 ||| qw: God list: Okawaru
     0 | D:1      | 0 ||| qw: Allow faded altars: false
     0 | D:1      | 0 ||| qw: Do Orc after clearing Dungeon:15 true
     0 | D:1      | 0 ||| qw: Do second Lair branch before Depths: true
     0 | D:1      | 0 ||| qw: Lair rune preference: random
     0 | D:1      | 0 ||| qw: Goals: Normal
     0 | D:1      | 0 ||| PLANNING D:1-11
   136 | D:1      | Reached skill level 3 in Ranged Weapons
   201 | D:1      | Reached XP level 2. HP: 23/23 MP: 2/2
   705 | D:1      | 705 ||| UPGRADING to +0 leather armour.
   715 | D:1      | 715 ||| DROPPING +0 robe.
   716 | D:1      | 716 ||| UPGRADING to +4 ring of protection.
   717 | D:1      | 717 ||| READING scroll labelled QAPOLUA PAGUETT.
   718 | D:1      | 718 ||| DRINKING 2 cyan potions.
   719 | D:1      | 719 ||| DROPPING scroll of poison.
   895 | D:2      | Reached XP level 3. HP: 29/29 MP: 3/3
   972 | D:2      | Reached skill level 4 in Ranged Weapons
  1110 | D:2      | Found a faded altar of an unknown god.
  1193 | D:2      | Reached XP level 4. HP: 36/36 MP: 4/4
  1292 | D:2      | Noticed Terence
  1308 | D:2      | Killed Terence
  1541 | D:2      | 1541 ||| UPGRADING to ring of protection from cold.
  1542 | D:2      | 1542 ||| READING 2 scrolls labelled QEX VOEPHYH.
  1545 | D:2      | 1545 ||| DRINKING 3 viscous sapphire potions.
  1546 | D:2      | 1546 ||| DROPPING 2 potions of degeneration.
  1670 | D:3      | Reached skill level 5 in Ranged Weapons
  2196 | D:3      | 2196 ||| UPGRADING to +0 ring mail.
  2206 | D:3      | 2206 ||| DROPPING +0 leather armour.
  2207 | D:3      | 2207 ||| READING scroll labelled JUR BYEQ CEB.
  2252 | D:4      | Reached skill level 1 in Armour
  2263 | D:4      | Found a hide-covered altar of Uskayaw.
  2287 | D:4      | Reached skill level 3 in Fighting
  2287 | D:4      | Reached XP level 5. HP: 39/45 MP: 5/5
  2338 | D:4      | Found a glowing golden altar of the Shining One.
  2388 | D:4      | Found an ancient bone altar of Kikubaaqudgha.
  2609 | D:4      | 2609 ||| FLEEEEING.
  2610 | D:4      | 2610 ||| FLEEEEING.
  2611 | D:4      | 2611 ||| FLEEEEING.
  2612 | D:4      | 2612 ||| FLEEEEING.
  2613 | D:4      | 2613 ||| FLEEEEING.
  2614 | D:4      | 2614 ||| FLEEEEING.
  2615 | D:4      | 2615 ||| FLEEEEING.
  2620 | D:4      | 2620 ||| FLEEEEING.
  2621 | D:4      | 2621 ||| STAIRDANCE
  2649 | D:4      | 2649 ||| STAIRDANCE
  2652 | D:3      | Reached skill level 6 in Ranged Weapons
  2682 | D:4      | 2682 ||| STAIRDANCE
  2721 | D:4      | Reached XP level 6. HP: 51/51 MP: 6/6
  3225 | D:4      | 3225 ||| FLEEEEING.
  3226 | D:4      | 3226 ||| FLEEEEING.
  3272 | D:4      | Found Ocrim's Magic Scroll Emporium.
  3280 | D:4      | 3280 ||| BUYING scroll of enchant weapon (75 gold).
  3280 | D:4      | Bought a scroll of enchant weapon for 75 gold pieces
  3280 | D:4      | 3280 ||| BUYING scroll of enchant weapon (75 gold).
  3280 | D:4      | Bought a scroll of enchant weapon for 75 gold pieces
  3280 | D:4      | 3280 ||| BUYING scroll of enchant weapon (75 gold).
  3280 | D:4      | Bought a scroll of enchant weapon for 75 gold pieces
  3280 | D:4      | 3280 ||| BUYING scroll of identify (20 gold).
  3280 | D:4      | Bought a scroll of identify for 20 gold pieces
  3280 | D:4      | 3280 ||| SHOPLISTING scroll of teleportation (30 gold, have
                  | 22).
  3280 | D:4      | 3280 ||| READING 3 scrolls of enchant weapon.
  3280 | D:4      | 3280 ||| ENCHANTING +1 sling.
  3281 | D:4      | 3281 ||| READING 2 scrolls of enchant weapon.
  3281 | D:4      | 3281 ||| ENCHANTING +2 sling.
  3282 | D:4      | 3282 ||| READING scroll of enchant weapon.
  3282 | D:4      | 3282 ||| ENCHANTING +3 sling.
  3394 | D:4      | 3394 ||| FLEEEEING.
  3395 | D:4      | 3395 ||| FLEEEEING.
  3396 | D:4      | 3396 ||| FLEEEEING.
  3397 | D:4      | 3397 ||| FLEEEEING.
  3398 | D:4      | 3398 ||| FLEEEEING.
  3399 | D:4      | 3399 ||| FLEEEEING.
  3400 | D:4      | 3400 ||| FLEEEEING.
  3402 | D:4      | 3402 ||| FLEEEEING.
  3403 | D:4      | 3403 ||| FLEEEEING.
  3404 | D:4      | 3404 ||| FLEEEEING.
  3405 | D:4      | 3405 ||| FLEEEEING.
  3406 | D:4      | 3406 ||| FLEEEEING.
  3609 | D:4      | 3609 ||| Stepping ~*~*~tactically~*~*~ (outnumbered).
  3665 | D:4      | 3665 ||| READING scroll labelled ZIRI YKHECAU.
  3753 | D:4      | 3753 ||| READING 2 scrolls labelled NAWUEM MISIPUKUMNU.
  3754 | D:4      | 3754 ||| READING scroll labelled ZIH EX ANIBESK.
  3755 | D:4      | 3755 ||| READING scroll labelled PIYVUM SICI.
  3756 | D:4      | 3756 ||| DRINKING 2 murky ruby potions.
  3786 | D:4      | 3786 ||| READING 2 scrolls of identify.
  3786 | D:4      | 3786 ||| IDENTIFYING brown potion
  3787 | D:4      | 3787 ||| DROPPING potion of attraction.
  3788 | D:4      | 3788 ||| DROPPING potion of lignification.
  3789 | D:4      | 3789 ||| DROPPING scroll of fear.
  3831 | D:5      | Entered Level 5 of the Dungeon
  3848 | D:5      | Reached skill level 7 in Ranged Weapons
  3979 | D:5      | Noticed a water moccasin
  3991 | D:5      | HP: 12/52 [poisoned by a water moccasin]
  3991 | D:5      | HP: 5/52 [water moccasin (6)]
  3992 | D:5      | 3992 ||| READING 3 scrolls of teleportation.
  3992 | D:5      | Succumbed to a water moccasin's poison

Levels and vault maps discovered:
D:1:      dpeg_arrival_connections, layout_loops_ring
D:2:      layout_basic, dreamdust_ecumenical_altar_statues, uniq_terence
D:3:      layout_loops_cross
D:4:      cheibrodos_fertilizer, layout_gridville,
          lemuel_coloured_pillars_altar, mainiacjoe_overflow_alcove_1,
          nicolae_uskayaw_murder_on_the_dancefloor, serial_shops,
          nicolae_shop_window_shopping
D:5:      layout_loops_cross, nicolae_sif_muna_little_library,
          lemuel_temple_firewalk_b, gammafunk_ghost_cemetery,
          kennysheep_decorative_pillar

Skill      XL: |  1  2  3  4  5  6 |
---------------+-------------------+-----
Ranged Weapons | 3 4 5 6 7 |  7.2
Fighting       | 2 3 4 |  4.0
Armour         | 1 |  1.0
Dodging        | |  2.1
Spellcasting   | |  1.0
Hexes          | |  2.0

Action                     |  1- 3 |  4- 6 || total
---------------------------+-------+-------++-------
   Fire: Sling             |   104 |   283 ||   387
    Use: Scroll            |     1 |    11 ||    12
         Potion            |     1 |     2 ||     3
 Armour: Robe              |     7 |       ||     7
         Leather armour    |    13 |    10 ||    23
         Ring mail         |       |    65 ||    65
  Dodge: Dodged            |    29 |   102 ||   131

Table legend:
 A = Non-vault XP
 B = Vault XP
 C = Vault XP percentage of total XP
 D = Non-vault monster count
 E = Vault monster count
 F = Vault count percentage of total count
                 A         B        C        D         E       F
            +---------+---------+-------+---------+---------+-------
      Total |     585 |      96 |  14.1 |      90 |      16 |  15.1
            +---------+---------+-------+---------+---------+-------
        D:1 |      36 |       0 |   0.0 |      18 |       0 |   0.0
        D:2 |      64 |      32 |  33.3 |      19 |       1 |   5.0
        D:3 |      78 |       0 |   0.0 |      17 |       0 |   0.0
        D:4 |     324 |      64 |  16.5 |      30 |      15 |  33.3
        D:5 |      83 |       0 |   0.0 |       6 |       0 |   0.0
            +---------+---------+-------+---------+---------+-------
